AoeStats
← Lubka

Arabian Desert

508915273Analyzed
1v1 RM · 7d ago on Sep 24, 2026· 25m 41s· 2 players
Game mode
Random Map
Map size
Tiny (2 player)
Population
200
Speed
Normal
Resources
Standard
Victory
Conquest
Starting age
Dark Age
Ending age
Imperial Age
RankedLock teamsTeams togetherTeam positionsShared explorationLock speedFull tech treeHidden civsTurbo modeCheats
Victory
Defeat
🇺🇸 Malay · United States
1143
+15
🇦🇹 Goths · Austria
1124
-15
Lubka
7:34 Loom
7:42 Loom
10:31 Feudal Age
10:33 Man-at-Arms
13:57 Scale Mail Armor
16:13 Forging
17:24 Fletching
27:02 Castle Age
shing2005
7:32 Loom
9:36 Feudal Age
9:10 Man-at-Arms
15:25 Horse Collar
16:17 Fletching
17:00 Double-Bit Axe
19:58 Town Watch
24:42 Castle Age
23:41 Crossbowman
24:19 Bodkin Arrow
24:30 Scale Barding Armor
Connection lost

Rejoining the realm…

Still unreachable

The connection could not be restored.

Session expired

The server has moved on; the page needs a fresh start.